Workbook

Sheet INSTRUCTIVO
B2: Instructivo de Llenado Template “Unidad”
B3: Este template constituye el segundo paso en el proceso de creación del prestador de servicios dentro de la plataforma BUK. En esta etapa, se debe completar la información laboral de prestación de servicios honorarios. Con este paso se finaliza la creación de la ficha, permitiendo la visualización del nuevo prestador en la plataforma. Es importante destacar que, en casos de recontrataciones, solo se debe completar este template y no el de creación de Ficha Honorario.
B4: Número de Documento* | C4: Indicar el número de RUT del prestador. Ejemplo: 11.111.111-K o 11111111-K. El sistema acepta el formato del RUT con o sin puntos. No anteponer ceros.
B5: Código de Ficha | C5: Indicar el código de ficha, asegurándose de que sea exactamente el mismo código utilizado en el template de creación de ficha honorarios. En caso de recontrataciones, especificar el código de la ficha que se reutilizará.
B6: Fecha de Inicio* | C6: Indicar la fecha de ingreso a la compañía en formato DD/MM/AAAA.
B7: Código Cargo* | C7: Seleccionar de la lista desplegable las opciones validas del código del cargo. Las opciones disponibles son: academico_a_a_honorarios- administrativo_a_honorarios-profesional_honorarios
B8: Nombre Sub-área* | C8: Indicar la sub-área a la cual será asignado el prestador según lista desplegable de opciones.

Sheet trabajos
A1: Número de Documento* | B1: Apellido* | C1: Segundo Apellido | D1: Nombre* | E1: Código de Ficha | F1: Sueldo Base* | G1: Moneda* | H1: Fecha de Inicio* | I1: Horario Semanal* | J1: Código Cargo* | K1: Nombre sub-area | L1: Código Sub-área* | M1: Número de Documento Supervisor* | N1: Código de Ficha Supervisor | O1: Tipo de Contrato* | P1: Obra | Q1: Término de Contrato | R1: Empresa* | S1: Recibe Gratificaciones* | T1: Jornada Laboral | U1: Días de la Jornada | V1: Tipo de Jornada | W1: Con Liquidaciones | X1: Acciones de contratación | Y1: Actividad | Z1: Anexo telefónico | AA1: Asociación de Plantilla | AB1: Campus | AC1: Categoría Académica | AD1: Causal | AE1: Causal de Estudio | AF1: Centro Costo (6 dígitos) | AG1: Colación | AH1: Convenio Laboral | AI1: Cuotas de pago Honorarios | AJ1: Estamento | AK1: F. Antigüedad Sindicato | AL1: Fecha Entrada Depto. | AM1: Fecha Termino Vigencia Honorario | AN1: Glosa Servicio Honorario | AO1: Hora de Colación | AP1: Indicar solicitud | AQ1: Jornada Base | AR1: Jornada Laboral Honorarios | AS1: Monto Bruto Cuotas | AT1: Monto Contrato Honorarios | AU1: Motivo | AV1: Movilización/Colación | AW1: N° Contrato | AX1: Nivel | AY1: Rango de Sueldo Base aprobado | AZ1: Teletrabajo | BA1: Tipo de Financiamiento | BB1: Tipo de Fondo* | BC1: Tipo de Seguro | BD1: Ubicación | BE1: Unidad de Negocio | BF1: WF Área funcional | BG1: WF Colación | BH1: WF Motivo de Estudio | BI1: WF Movilización | BJ1: WF Sindicato
L2: =IF(ISBLANK(K2),"",VLOOKUP(K2,'Sub-áreas'!$B$2:$C$472,2,FALSE)) | O2: =IF(ISBLANK(A2),"","A honorarios") | R2: =IF(ISBLANK(A2),"","Pontificia Universidad Católica de Chile")
L3: =IF(ISBLANK(K3),"",VLOOKUP(K3,'Sub-áreas'!$B$2:$C$472,2,FALSE)) | O3: =IF(ISBLANK(A3),"","A honorarios") | R3: =IF(ISBLANK(A3),"","Pontificia Universidad Católica de Chile")
L4: =IF(ISBLANK(K4),"",VLOOKUP(K4,'Sub-áreas'!$B$2:$C$472,2,FALSE)) | O4: =IF(ISBLANK(A4),"","A honorarios") | R4: =IF(ISBLANK(A4),"","Pontificia Universidad Católica de Chile")
L5: =IF(ISBLANK(K5),"",VLOOKUP(K5,'Sub-áreas'!$B$2:$C$472,2,FALSE)) | O5: =IF(ISBLANK(A5),"","A honorarios") | R5: =IF(ISBLANK(A5),"","Pontificia Universidad Católica de Chile")
L6: =IF(ISBLANK(K6),"",VLOOKUP(K6,'Sub-áreas'!$B$2:$C$472,2,FALSE)) | O6: =IF(ISBLANK(A6),"","A honorarios") | R6: =IF(ISBLANK(A6),"","Pontificia Universidad Católica de Chile")
L7: =IF(ISBLANK(K7),"",VLOOKUP(K7,'Sub-áreas'!$B$2:$C$472,2,FALSE))
L8: =IF(ISBLANK(K8),"",VLOOKUP(K8,'Sub-áreas'!$B$2:$C$472,2,FALSE)) | O8: =IF(ISBLANK(A8),"","A honorarios") | R8: =IF(ISBLANK(A8),"","Pontificia Universidad Católica de Chile")
L9: =IF(ISBLANK(K9),"",VLOOKUP(K9,'Sub-áreas'!$B$2:$C$472,2,FALSE)) | O9: =IF(ISBLANK(A9),"","A honorarios") | R9: =IF(ISBLANK(A9),"","Pontificia Universidad Católica de Chile")
L10: =IF(ISBLANK(K10),"",VLOOKUP(K10,'Sub-áreas'!$B$2:$C$472,2,FALSE)) | O10: =IF(ISBLANK(A10),"","A honorarios") | R10: =IF(ISBLANK(A10),"","Pontificia Universidad Católica de Chile")
L11: =IF(ISBLANK(K11),"",VLOOKUP(K11,'Sub-áreas'!$B$2:$C$472,2,FALSE)) | O11: =IF(ISBLANK(A11),"","A honorarios") | R11: =IF(ISBLANK(A11),"","Pontificia Universidad Católica de Chile")
L12: =IF(ISBLANK(K12),"",VLOOKUP(K12,'Sub-áreas'!$B$2:$C$472,2,FALSE)) | O12: =IF(ISBLANK(A12),"","A honorarios") | R12: =IF(ISBLANK(A12),"","Pontificia Universidad Católica de Chile")
A27: 15637639-6 | B27: REINHARDT | C27: VALENZUELA | D27: DANIELA ANDREA | E27: HSOCIALES

Sheet sueldos
A1: Número de Documento | B1: Código de Ficha | C1: Tipo* | D1: Cantidad | E1: Precio | F1: Valor*
B2: =IF(ISBLANK(A2),"","F1")

Sheet Empresas
A1: Nombre | B1: Rut
A2: Pontificia Universidad Católica de Chile | B2: 81.698.900-0

Sheet Sub-áreas
A1: Código Sub-área | B1: Nombre | C1: Código Sub-área
A2: 1221 | B2: Unidad Académica - Campus Villarrica - Dirección Campus Villarrica - Dirección Académica | C2: 1221
A3: 1225 | B3: Unidad Académica - Campus Villarrica - Dirección Campus Villarrica - Educación Continua | C3: 1225
A4: 1218 | B4: Unidad Académica - Campus Villarrica - Centro Interdisciplinario de Desarrollo Sustentable - Gabinete Centro | C4: 1218
A5: 1219 | B5: Unidad Académica - Campus Villarrica - Centro Interdisciplinario de Desarrollo Sustentable - Valoras | C5: 1219
A6: 1226 | B6: Unidad Académica - Campus Villarrica - Dirección Campus Villarrica - Gabinete Campus Villarrica | C6: 1226
A7: 1224 | B7: Unidad Académica - Campus Villarrica - Dirección Campus Villarrica - Dirección Económica y de Gestión | C7: 1224
A8: 1222 | B8: Unidad Académica - Campus Villarrica - Dirección Campus Villarrica - Dirección de Extensión y Comunicaciones | C8: 1222
A9: 1223 | B9: Unidad Académica - Campus Villarrica - Dirección Campus Villarrica - Dirección de Investigación | C9: 1223
A10: 2108 | B10: Unidad Académica - College UC - Dirección de Desarrollo e Investigación - Comunicaciones y Vinculación con el Medio | C10: 2108
A11: 2109 | B11: Unidad Académica - College UC - Dirección de Desarrollo e Investigación - Gabinete Dirección de Desarrollo e Investigación | C11: 2109
A12: 2110 | B12: Unidad Académica - College UC - Dirección de Docencia y Gestión Curricular | C12: 2110
A13: 2112 | B13: Unidad Académica - College UC - Dirección de Pregrado - Asuntos Estudiantiles | C13: 2112
... A698: 1864 | B698: Unidad Central - Vicerrectoría Económica - Dirección de Personas - Subdirección de Planificación y Control | C698: 1864

Sheet Cargos
A1: Código | B1: Cargo | C1: Código
A2: academico_a_a_honorarios | B2: Academico/a A Honorarios | C2: academico_a_a_honorarios
A3: administrativo_a_honorarios | B3: Administrativo/a Honorarios | C3: administrativo_a_honorarios
A4: profesional_honorarios | B4: Profesional Honorarios | C4: profesional_honorarios

Sheet Hoja3
A1: academico_a_a_honorarios
A2: administrativo_a_honorarios
A3: profesional_honorarios
